 Dungeon Crawl Stone Soup version 0.30.1-4-g462c640d31 (webtiles) character file.

Game seed: 5617527447576852853

128 hawla the Firebug (level 5, -3/38 HPs)
             Began as a Meteoran Fire Elementalist on Sept 3, 2023.
             Slain by an orc
             ... wielding a +0 trident
              (6 damage)
             ... on level 5 of the Dungeon.
             The game lasted 00:04:58 (942 turns).

hawla the Firebug (Meteoran Fire Elementalist)       Turns: 942, Time: 00:04:59

Health: -3/38      AC:  2    Str:  9    XL:     5   Next: 60%
Magic:  2/11       EV: 13    Int: 19    God:
Gold:   47         SH:  0    Dex: 14    Spells: 4/11 levels left

rFire   . . .        l - +0 flail
rCold   . . .        (no shield)
rNeg    . . .        a - +0 robe
rPois   .            (no helmet)
rElec   .            (no cloak)
rCorr   .            (no gloves)
SInv    .            (no boots)
Will    .....        (no amulet)
Stlth   +            (no ring)
HPRegen 0.26/turn    (no ring)
MPRegen 0.12/turn

%: no passive effects
@: confused, mighty, very slightly contaminated, glowing
A: sense surroundings 1, otherworldly, glowing, explore regen
a: no special abilities


You were on level 5 of the Dungeon.
You visited 1 branch of the dungeon, and saw 5 of its levels.

You collected 71 gold pieces.
You spent 24 gold pieces at shops.

Inventory:

Hand Weapons
 l - a +0 flail (weapon)
Armour
 a - a +0 robe (worn)
Wands
 b - a wand of iceblast (6) (quivered)
Scrolls
 d - 2 scrolls of identify
 e - 2 scrolls of teleportation
 f - 2 scrolls of vulnerability {unknown}
 g - a scroll of fear {unknown}
 h - 2 scrolls of enchant armour {unknown}
 i - a scroll of summoning {unknown}
 k - a scroll of fog {unknown}
Potions
 c - a potion of curing {unknown}
 j - a potion of might


   Skills:
 - Level 3.0 Dodging
 - Level 1.4 Stealth
 - Level 3.7 Spellcasting
 + Level 3.0 Conjurations
 - Level 5.2 Fire Magic


You had 4 spell levels left.
You knew the following spells:

 Your Spells              Type           Power      Damage    Failure   Level
a - Foxfire               Conj/Fire      76%        2x1d7     2%          1
b - Scorch                Fire           46%        2d6       2%          2
c - Flame Wave            Conj/Fire      19%        2d7       26%         4

Your spell library contained the following spells:

 Spells                   Type           Power      Damage    Failure   Level
 Inner Flame              Hex/Fire       13%        N/A       14%         3
 Volatile Blastmotes      Fire/Tloc      26%        2d12      14%         3


Dungeon Overview and Level Annotations

Branches:
Dungeon (5/15) Zot: 2058
 Temple: D:4-7

Altars:
Trog

Shops:
D:1 :   D:4 ?


Innate Abilities, Weirdness & Mutations

You passively map a small area around you.
You are easily found by Zot.
You glow in the dark.
You regain HP and MP as you explore.


Message History

Confirm with . or Enter, or press ? or * to list all spells.
The spell is extremely dangerous to miscast (26% risk of failure)!
Continue anyway?
Casting: Flame Wave (extremely dangerous; 26% risk of failure)
Press: ? - help, Dir - look around, f - activate You miscast Flame Wave.
You are very lightly contaminated with residual magic.
Sparks fly from your hands! The orc misses you.
The orc hits you from afar with a +0 trident.
The orc wizard hits you with a +0 dagger.
Casting: Flame Wave (extremely dangerous; 26% risk of failure)
Confirm with . or Enter, or press ? or * to list all spells.
The spell is extremely dangerous to miscast (26% risk of failure)!
Continue anyway?
Casting: Flame Wave (extremely dangerous; 26% risk of failure)
Press: ? - help, Dir - look around, f - activate A wave of flame ripples out!
The flame wave engulfs the orc wizard!
The orc wizard is heavily wounded.
The flame wave engulfs the orc wizard.
The orc wizard is moderately wounded.
The flame wave engulfs the orc!
You kill the orc! (Press . to intensify the flame waves.)
The orc wizard points at you and mumbles some strange words.
You are confused.
The orc wizard completely misses you.
The orc hits you from afar with a +0 trident.
The orc priest hits you but does no damage.
The orc wizard hits you with a +0 dagger.
The orc misses you.
The orc wizard hits you with a +0 dagger.
* * * LOW HITPOINT WARNING * * *
Unknown command.
It was a potion of might.
You feel very mighty all of a sudden.
The orc priest invokes the aid of Beogh against you.
Beogh smites you!
* * * LOW HITPOINT WARNING * * *
The orc wizard barely misses you.
The orc wizard hits you but does no damage.
The orc hits you from afar with a +0 trident.
You die...

, #.....)...
*......... *
......... * * ## *
........., ..#
#####........ ,
...#+#............
, * ,
...........o......
.........@o......
, #.......oo.....
###....###......
###.....## *......
, * #....#...#
..... ,
,...##....## .....
* .# #......# ....
, * ##......# #...
, * #.......# *


You could see an orc priest, 2 orc wizards and an orc.

Vanquished Creatures
  2 orc wizards (D:4)
  An iguana (D:5)
  A gnoll (D:4)
  An adder (D:4)
  An ufetubus (D:4)
  4 orcs
  2 giant cockroaches (D:4)
  3 goblins (D:4)
  2 hobgoblins
  3 jackals (D:4)
  3 quokkas (D:4)
  A ball python (D:4)
  A kobold (D:4)
  A rat (D:1)
26 creatures vanquished.

Vanquished Creatures (others)
  58 foxfires
58 creatures vanquished.

Grand Total: 84 creatures vanquished

Notes
Turn   | Place    | Note
-------+----------+-------------------------------------------
     0 | D:1      | hawla the Meteoran Fire Elementalist began the quest for
                  | the Orb.
     0 | D:1      | Reached XP level 1. HP: 14/14 MP: 5/5
    63 | D:1      | Found a faded altar of an unknown god.
    66 | D:1      | Found Pewoh's Book Boutique.
   246 | D:4      | Reached skill level 4 in Fire Magic
   246 | D:4      | Reached XP level 2. HP: 20/20 MP: 3/6
   253 | D:4      | Learned a level 2 spell: Scorch
   293 | D:4      | Found Keegg's Magic Scroll Shoppe.
   296 | D:4      | Bought a scroll of identify for 24 gold pieces
   298 | D:4      | Reached XP level 3. HP: 18/26 MP: 5/8
   464 | D:4      | Found a bloodstained altar of Trog.
   481 | D:4      | Reached skill level 5 in Fire Magic
   481 | D:4      | Reached XP level 4. HP: 33/33 MP: 4/10
   486 | D:4      | Reached XP level 5. HP: 38/38 MP: 1/11
   491 | D:4      | Learned a level 4 spell: Flame Wave
   917 | D:5      | Entered Level 5 of the Dungeon
   942 | D:5      | Slain by an orc

Illustrated notes

Levels and vault maps discovered:
D:1:      nzn_arrival_depleted_hourglass, layout_basic, serial_shops, shop,
          basic_ecumenical_altar, nicolae_eternal_life
D:2:      layout_loops_ring
D:3:      layout_loops_cross, mainiacjoe_overflow_six_doors_small
D:4:      layout_loops_ring, mainiacjoe_overflow_cross_hatched, serial_shops,
          nicolae_shop_behind_doors, sigmund_army
D:5:      layout_cave_pods, kennysheep_mini, kennysheep_generic_room_4,
          uniq_blork_the_orc, uniq_prince_ribbit1

Skill      XL: |  1  2  3  4  5 |
---------------+----------------+-----
Fire Magic     | 4 5 |  5.2
Spellcasting   | 3 |  3.7
Dodging        | 3 |  3.0
Conjurations   | 3 |  3.0
Stealth        | |  1.4

Action                     |  1- 3 |  4- 6 || total
---------------------------+-------+-------++-------
  Melee: Unarmed           |     6 |     1 ||     7
   Cast: Foxfire           |    24 |    10 ||    34
         Scorch            |     7 |     6 ||    13
         Flame Wave        |       |     1 ||     1
    Use: Potion            |     2 |     1 ||     3
         Scroll            |       |     1 ||     1
 Armour: Robe              |     4 |     2 ||     6
         Skin              |    14 |       ||    14
  Dodge: Dodged            |     8 |    10 ||    18
